 Dungeon Crawl Stone Soup version 0.25-a0-875-geaba134f46 (webtiles) character file.

Game seed: 9150587055924873595, levelgen mode: deterministic

914 sanka the Frost Mage (level 8, -2/52 HPs)
             Began as a Barachi Ice Elementalist on May 1, 2020.
             Slain by a phantom (10 damage)
             ... on level 4 of the Dungeon.
             The game lasted 00:07:28 (3679 turns).

sanka the Frost Mage (Barachi Ice Elementalist)     Turns: 3679, Time: 00:07:28

Health: -2/52      AC:  3    Str: 10    XL:     8   Next: 9%
Magic:  14/14      EV: 12    Int: 18    God:
Gold:   204        SH:  0    Dex: 12    Spells: 4/15 levels left

rFire    . . .     SeeInvis .   s - +0 halberd
rCold    . . .     Gourm    .   (shield currently unavailable)
rNeg     . . .     Faith    .   a - +0 robe
rPois    .         Spirit   .   (no helmet)
rElec    .         Reflect  .   (no cloak)
rCorr    .         Harm     .   (no gloves)
MR       .....                  p - +0 pair of boots
Stlth    ++........             q - amulet of inaccuracy (curse)
HPRegen  0.17/turn              o - ring of wizardry
MPRegen  0.14/turn              (no ring)

@: slow
A: +LOS, swims, slowness 1, strong legs 1
a: Hop


You were on level 4 of the Dungeon.
You were not hungry.

You visited 1 branch of the dungeon, and saw 5 of its levels.

You collected 204 gold pieces.


Innate Abilities, Weirdness & Mutations

You can be seen from farther away. (+LOS)
You can swim through water.
You cover ground slowly.
You can hop short distances.


   Skills:
 - Level 2.1 Dodging
 - Level 1.7 Stealth
 - Level 4.0 Spellcasting
 - Level 3.0 Summonings
 * Level 10.4 Ice Magic


You had 4 spell levels left.
You knew the following spells:

 Your Spells              Type           Power        Failure   Level  Hunger
a - Ozocubu's Armour      Chrm/Ice       ###.....     2%          3    ###....
x - Summon Ice Beast      Ice/Summ       ####....     4%          4    ####...
y - Frozen Ramparts       Ice            #####.       1%          3    ###....
z - Freeze                Ice            ####         1%          1    None

Your spell library contained the following spells:

 Spells                   Type           Power        Failure   Level  Hunger
 Hailstorm                Conj/Ice       ###.....     7%          4    ####...

Inventory:

Hand Weapons
 d - a +0 dagger
 g - a +0 dagger
 h - a +0 mace
 l - a +1 quarterstaff
 s - a +0 halberd (weapon)
 B - a +0 dagger of venom
Missiles
 e - 52 stones (quivered)
 f - 23 sling bullets
 v - 2 throwing nets {=f}
Armour
 a - a +0 robe (worn)
 p - a +0 pair of boots (worn)
Jewellery
 o - a ring of wizardry (left hand)
 q - a cursed amulet of inaccuracy (around neck)
 y - an uncursed amulet of rage {unknown}
Scrolls
 b - a scroll of enchant armour {unknown}
 j - 2 scrolls of enchant weapon
 n - 3 scrolls of identify {unknown}
 t - a scroll of remove curse {unknown}
 w - a scroll of magic mapping {unknown}
 z - a scroll of teleportation {unknown}
 A - a scroll of blinking {unknown}
Potions
 i - a potion of haste {unknown}
 k - a potion of curing {@q1}
 m - 2 potions of heal wounds {unknown}
 u - a potion of brilliance {unknown}
 x - 2 potions of mutation {unknown}
Comestibles
 c - 9 rations

Dungeon Overview and Level Annotations

Branches:
Dungeon (5/15)
 Temple: D:4-7

Altars:

.. ▒▒▒▒▒.▒▒▒▒▒▒.▒▒▒.. ▒ ▒.
▒.........▒▒...... ▒.▒▒▒.▒▒
▒.▒▒▒.▒▒▒.▒▒▒▒▒▒▒▒ ▒.▒....▒▒
▒.▒ ▒.▒ ▒.▒ ▒▒ ....... ▒.▒ ▒.▒
▒.▒ ▒▒. ▒.▒..▒ ▒.▒ ▒.▒▒▒.▒ ▒▒..
▒..▒(▒ ▒.▒▒▒.▒▒..▒ ▒▒...
...▒▒▒....▒▒▒▒.........▒▒▒▒....
▒......†.....FW.)[.......'...▒
!....▒....▒▒▒▒▒▒▒▒.▒<..▒▒▒▒...+
.. ▒▒..▒▒ ▒)▒▒.▒▒ ▒▒..▒ ▒▒£▒
▒.▒▒▒▒ ▒▒.. ▒^▒ ▒▒.▒▒ ▒▒. ▒.▒
▒...▒▒▒▒▒▒ ▒ ▒.▒ ▒........▒ ▒
▒.▒ ▒...▒▒▒▒.▒ ▒ ..▒ ▒▒▒▒▒ ▒.▒
▒▒


You could see a phantom.


Message History

The phantom is lightly damaged.
The phantom hits you. The phantom closely misses you.
You miss the phantom.
The phantom is lightly damaged.
The phantom hits you but does no damage.
You closely miss the phantom.
The phantom is lightly damaged.
The phantom hits you but does no damage.
The phantom hits you.
* * * LOW HITPOINT WARNING * * *
The phantom blinks!
The phantom blinks!
Your icy armour starts to melt.
You barely miss the phantom.
The phantom is lightly damaged.
The phantom hits you!
* * * LOW HITPOINT WARNING * * *
The phantom blinks!
Your icy armour cracks and falls away as you move.
The phantom hits you.
* * * LOW HITPOINT WARNING * * *
You closely miss the phantom.
The phantom is lightly damaged.
The phantom hits you.
* * * LOW HITPOINT WARNING * * *
You barely miss the phantom.
The phantom is lightly damaged.
The phantom hits you!
You die...

Action                   |  1- 3 |  4- 6 |  7- 9 || total
-------------------------+-------+-------+-------++-------
Melee: Unarmed           |     1 |       |       ||     1
       Mace              |     9 |       |       ||     9
       Quarterstaff      |       |    12 |    30 ||    42
       Halberd           |       |       |    12 ||    12
 Cast: Freeze            |    48 |    39 |     4 ||    91
       Frozen Ramparts   |       |     3 |       ||     3
       Ozocubu's Armour  |       |     1 |     3 ||     4
 Abil: Hop               |       |     1 |       ||     1
  Use: Scroll            |       |     1 |       ||     1
       Potion            |       |     1 |       ||     1
  Eat: Chunk             |     4 |     5 |     1 ||    10
Armor: Robe              |    10 |     9 |    10 ||    29
Dodge: Dodged            |    38 |    44 |    21 ||   103

Levels and vault maps discovered:
D:1:      kilobyte_arrival_exit_the_forest, layout_basic
D:2:      layout_rooms, chequers_ecumenical_altar_island
D:3:      layout_rooms, nicolae_underground_beach
D:4:      layout_loops_corners, chequers_temple_overflow_minitemple,
          minmay_bent, uniq_sigmund, uniq_pikel, uniq_eustachio
D:5:      layout_rooms, serial_shops, shop, first_ration,
          nemelex_diamond_rough_becter, uniq_edmund

Notes
Turn   | Place    | Note
-------+----------+-------------------------------------------
     0 | D:1      | sanka the Barachi Ice Elementalist began the quest for the
                  | Orb.
     0 | D:1      | Reached XP level 1. HP: 13/13 MP: 3/3
   360 | D:1      | Reached XP level 2. HP: 13/19 MP: 1/5
   452 | D:1      | Reached skill level 3 in Spellcasting
  1122 | D:2      | Found a faded altar of an unknown god.
  1498 | D:2      | Reached XP level 3. HP: 24/24 MP: 5/8
  1503 | D:2      | Learned a level 3 spell: Frozen Ramparts
  1507 | D:2      | Learned a level 3 spell: Ozocubu's Armour
  1776 | D:2      | Reached skill level 5 in Ice Magic
  2304 | D:3      | Reached XP level 4. HP: 23/30 MP: 7/9
  2423 | D:4      | Noticed a phantom
  2469 | D:4      | HP: 3/30 [hound (3)]
  2472 | D:4      | Reached skill level 4 in Spellcasting
  2472 | D:4      | Reached skill level 6 in Ice Magic
  2491 | D:4      | Noticed Sigmund
  2503 | D:4      | Killed Sigmund
  2503 | D:4      | Reached skill level 7 in Ice Magic
  2503 | D:4      | Reached XP level 5. HP: 7/35 MP: 2/11
  2503 | D:4      | Reached XP level 6. HP: 9/41 MP: 2/12
  2533 | D:4      | HP: 4/41 [poisoned by an adder]
  2539 | D:4      | HP: 2/41 [poisoned by an adder]
  2546 | D:4      | HP: 1/41 [poisoned by an adder]
  2597 | D:5      | Entered Level 5 of the Dungeon
  2893 | D:3      | Reached skill level 8 in Ice Magic
  3146 | D:3      | Learned a level 4 spell: Summon Ice Beast
  3363 | D:4      | Noticed a slave
  3363 | D:4      | Noticed a slave
  3363 | D:4      | Noticed a slave
  3363 | D:4      | Noticed Pikel
  3364 | D:4      | Noticed a slave
  3368 | D:4      | Killed a slave
  3369 | D:4      | Killed Pikel
  3369 | D:4      | Reached skill level 3 in Summonings
  3369 | D:4      | Reached skill level 10 in Ice Magic
  3369 | D:4      | Reached XP level 7. HP: 46/46 MP: 3/13
  3471 | D:4      | Reached XP level 8. HP: 40/52 MP: 10/14
  3679 | D:4      | Slain by a phantom

Vanquished Creatures
  Pikel (D:4)
  Sigmund (D:4)
  A slave (D:4)
  A phantom (D:4)
  A hound (D:4)
  An orc wizard (D:4)
  3 gnolls (D:3)
  6 adders
  2 adder skeletons
  A dart slug (D:2)
  A leopard gecko (D:1)
  5 orcs
  A giant cockroach (D:2)
  10 goblins
  6 hobgoblins
  4 jackals (D:2)
  5 kobolds
  5 bats
  A frilled lizard (D:3)
  A jackal skeleton (D:2)
  9 rats
66 creatures vanquished.

Vanquished Creatures (others)
  An orc wizard (D:4)
  A hound skeleton (D:4)
  A leopard gecko (D:4)
  2 orcs (D:4)
  A giant cockroach (D:4)
  A jackal (D:4)
  A frilled lizard (D:4)
8 creatures vanquished.

Grand Total: 74 creatures vanquished
